 Dungeon Crawl Stone Soup version 0.22-a0-441-gcf5b0c64b7 (webtiles) character file.

21217 Oravi the Nimble (level 12, -5/98 HPs)
             Began as a Merfolk Transmuter on May 30, 2018.
             Was a High Priest of Okawaru.
             Shot with an arrow by a centaur warrior (8 damage)
             ... on level 13 of the Dungeon.
             The game lasted 01:01:15 (13800 turns).

Oravi the Nimble (Merfolk Transmuter)              Turns: 13800, Time: 01:01:16

Health: -5/98      AC: 12    Str: 11    XL:     12   Next: 87%
Magic:  18/18      EV: 20    Int: 16    God:    Okawaru [*****.]
Gold:   584        SH:  0    Dex: 17    Spells: 3/17 levels left

rFire    . . .     SeeInvis +     - Unarmed
rCold    . . .     Gourm    .   (no shield)
rNeg     + + .     Faith    .   C - +2 leather armour of the Moon {rN+ Dex+2 Stlth+}
rPois    .         Spirit   .   j - +1 helmet {SInv}
rElec    .         Reflect  .   F - +0 cloak
rCorr    +         Harm     .   l - +0 pair of gloves
MR       .....                  u - +2 pair of boots
Stlth    ++........             z - amulet of regeneration
HPRegen  0.66/turn              y - ring of positive energy
MPRegen  0.16/turn              q - ring of resist corrosion

@: no status effects
A: change form in water, swift swim, stealthy swim
a: Heroism, Finesse, Renounce Religion


You were on level 13 of the Dungeon.
You worshipped Okawaru.
Okawaru was extremely pleased with you.
You were very hungry.

You visited 2 branches of the dungeon, and saw 14 of its levels.
You also visited: Sewer.

You collected 584 gold pieces.

Inventory:

Hand Weapons
 K - a +0 demon trident of draining
Missiles
 a - 429 arrows
Armour
 j - a +1 helmet of see invisible (worn)
 l - a +0 pair of gloves (worn)
 u - a +2 pair of boots (worn)
 v - a +0 hat of magic resistance
 C - the +2 leather armour of the Moon (worn) {rN+ Dex+2 Stlth+}
   (You found it on level 7 of the Dungeon)

   It affects your dexterity (+2).
   It protects you from negative energy.
   It makes you more stealthy.
 D - the +0 crystal plate armour of Untruth {rElec rF+ Int+6, unknown}
   (Okawaru gifted it to you on level 11 of the Dungeon)

   It affects your intelligence (+6).
   It protects you from fire.
   It insulates you from electricity.
 F - a +0 cloak (worn)
Jewellery
 i - an uncursed ring of fire
 q - a ring of resist corrosion (right hand)
 y - a ring of positive energy (left hand)
 z - an amulet of regeneration (around neck)
Wands
 s - a wand of polymorph (32)
 x - a wand of iceblast (9)
 E - a wand of disintegration (34)
 G - a wand of flame (8)
 I - a wand of clouds (4)
Scrolls
 e - 10 scrolls of teleportation
 g - 2 scrolls of immolation
 n - 2 scrolls of remove curse
 o - 2 scrolls of magic mapping
 t - 6 scrolls of enchant armour
 w - 3 scrolls of amnesia
 L - a scroll of enchant weapon {unknown}
Potions
 c - 2 potions of agility
 f - 2 potions of might
 h - 3 potions of haste
 k - a potion of ambrosia
 m - 3 potions of magic
 p - a potion of brilliance
 r - 6 potions of curing {unknown}
 A - a potion of invisibility {unknown}
 B - a potion of resistance {unknown}
 H - a potion of cancellation {unknown}
 J - a potion of degeneration {unknown}
Comestibles
 d - 27 rations


   Skills:
 + Level 10.4 Fighting
 + Level 12.4 Dodging
 - Level 12.0 Unarmed Combat
 - Level 3.1 Spellcasting
 - Level 12.0 Transmutations
 - Level 3.0 Poison Magic
 - Level 8.0 Invocations


You had 3 spell levels left.
You knew the following spells:

 Your Spells              Type           Power        Failure   Level  Hunger
a - Spider Form           Tmut/Pois      ####......   3%          3    ###....
b - Sticks to Snakes      Tmut           #####...     1%          2    ##.....
c - Ice Form              Ice/Tmut       ###.....     21%         4    ####...
d - Blade Hands           Tmut           #####.....   4%          5    ######.

Your spell library contained the following spells:

 Spells                   Type           Power        Failure   Level  Hunger
 Bolt of Magma            Conj/Fire/Erth #.........   100%        5    ######.
 Confuse                  Hex            #.......     58%         3    ###....
 Venom Bolt               Conj/Pois      #.........   98%         5    ######.
 Tukima's Dance           Hex            #.......     58%         3    ###....
 Iron Shot                Conj/Erth      #.........   100%        6    #######
 Confusing Touch          Hex            #.....       24%         1    None
 Ensorcelled Hibernation  Hex/Ice        #.....       36%         2    ##.....
 Metabolic Englaciation   Hex/Ice        #.........   100%        5    ######.
 Corona                   Hex            #......      24%         1    None
 Petrify                  Tmut/Erth      ###.....     21%         4    ####...
 Orb of Destruction       Conj           #.........   100%        7    #######
 Beastly Appendage        Tmut           #####.       1%          1    None
 Iskenderun's Battlesphe  Conj/Chrm      #.......     100%        5    ######.
 Dazzling Spray           Conj/Hex       #.....       58%         3    ###....
 Spellforged Servitor     Conj/Summ      #.........   100%        7    #######
 Gell's Gravitas          Tloc           #.........   58%         3    ###....
 Yara's Violent Unravell  Hex/Tmut       ###.......   50%         5    ######.


Dungeon Overview and Level Annotations

Branches:
Dungeon (13/15)            Temple (1/1) D:6            Lair (0/6) D:10
    Orc (0/2) D:10
 Vaults: D:13-14

Altars:
Ashenzari
Cheibriados
Dithmenos
Elyvilon
Fedhas
Gozag
Hepliaklqana
Kikubaaqudgha
Makhleb
Nemelex Xobeh
Okawaru
Qazlal
Ru
Sif Muna
Trog
Uskayaw
Vehumet
Wu Jian
Xom
Yredelemnul
Zin
The Shining One

Shops:
D:10 =

Annotations:
D:5 lrd
D:6 2 transporters


Message History

It bursts into flame!
The centaur warrior shoots an arrow.
The arrow barely misses you.
The centaur warrior shoots an arrow.
The arrow hits you!
* * * LOW HITPOINT WARNING * * *
The arrow burns you.
* * * LOW HITPOINT WARNING * * *
The centaur warrior shoots an arrow.
The arrow closely misses you.
You see here an arrow.
The centaur warrior shoots an arrow.
The arrow barely misses you.
The centaur warrior shoots an arrow.
The arrow hits you.
* * * LOW HITPOINT WARNING * * *
The arrow burns you.
* * * LOW HITPOINT WARNING * * *
You see here an arrow.
Okay, then.
Okay, then.
The centaur warrior shoots an arrow.
The arrow hits you!!
* * * LOW HITPOINT WARNING * * *
The arrow burns you!
You die...

...###+###'#.........#
.....................#
.......)..((...........
........#########.###.#
.......c# .#....
##......## .#.#
.'##.(...# #.
##.......# .#.
........@#######..#.
..................##
....................
.#########..<.......
#.......... #..........
#....W..... #..........
##.}.......


You could see a centaur warrior and a wraith (wandering).

Vanquished Creatures
  Gastronok (D:8)
  A death knight (D:9)
  A centaur warrior (D:11)
  3 two-headed ogres (D:9)
  The ghost of kusayu the Cruncher, a journeyman GrFi of Okawaru (D:12)
  Pikel (D:5)
  A deep elf mage (D:9)
  A cyclops (D:9)
  An ugly thing (D:11)
  2 manticores
  3 meliai (D:12)
  3 trolls
  4 hippogriffs
  3 slime creatures (D:12)
  Sigmund (D:4)
  A yak (D:9)
  A shadow (D:12)
  3 wraiths
  A vampire (D:11)
  A spriggan (D:7)
  A wyvern (D:12)
  Grum (D:11)
  2 hungry ghosts
  A vampire mosquito (D:13)
  An acid dragon (D:11)
  3 porcupines
  6 ice beasts
  2 orc warriors
  A sky beast (D:5)
  2 phantoms
  A necrophage (D:6)
  A black bear (D:10)
  An eye of draining (D:8)
  7 wolves
  6 ogres
  13 centaurs
  4 crocodiles
  16 big kobolds
  Blork the orc (D:4)
  8 bullfrogs
  4 gnoll sergeants (D:10)
  A water moccasin skeleton (D:4)
  2 scorpions
  18 killer bees
  A howler monkey (D:9)
  3 crimson imps
  3 quasits
  A bullfrog zombie (D:7)
  7 hounds
  4 orc priests
  4 jellies
  13 orc wizards
  3 bullfrog skeletons
  A centaur skeleton (D:6)
  4 iguanas
  Terence (D:2)
  6 worker ants
  2 hound zombies
  A hound skeleton (D:4)
  Robin (D:2)
  A worker ant zombie (D:6)
  A howler monkey skeleton (D:5)
  14 adders
  10 gnolls
  4 river rats (Sewer)
  4 shadow imps
  5 oozes
  An adder skeleton (D:7)
  7 worms
  2 dart slugs (D:1)
  8 leopard geckos
  54 orcs
  5 giant cockroaches
  14 goblins
  8 hobgoblins
  8 jackals
  4 quokkas
  A ball python (Sewer)
  9 bats
  11 frilled lizards
  A giant cockroach zombie (D:6)
  28 kobolds
  10 rats
402 creatures vanquished.

Notes
Turn   | Place    | Note
-------+----------+-------------------------------------------
     0 | D:1      | Oravi the Merfolk Transmuter began the quest for the Orb.
     0 | D:1      | Reached XP level 1. HP: 15/15 MP: 3/3
   296 | D:1      | Reached XP level 2. HP: 21/21 MP: 3/5
   659 | D:1      | Reached XP level 3. HP: 24/26 MP: 4/6
   663 | D:1      | Learned a level 2 spell: Sticks to Snakes
   667 | D:1      | Learned a level 3 spell: Spider Form
   999 | D:2      | Noticed Robin
  1409 | D:2      | Killed Robin
  1409 | D:2      | Reached skill level 5 in Transmutations
  1409 | D:2      | Reached skill level 1 in Poison Magic
  1477 | D:2      | Noticed Terence
  1487 | D:2      | Killed Terence
  1487 | D:2      | Reached XP level 4. HP: 23/32 MP: 4/7
  1596 | D:2      | Got a distressingly furry helmet
  1616 | D:2      | Identified the cursed -7 helmet of Wisdom {rF++} (You took it off Robin on level 2 of the Dungeon)
  1781 | D:2      | Found an iron altar of Okawaru.
  1841 | D:2      | Became a worshipper of Warmaster Okawaru
  1893 | D:2      | Found a basalt altar of Yredelemnul.
  2187 | D:3      | Found a shimmering altar of Xom.
  2311 | D:3      | Reached XP level 5. HP: 37/37 MP: 3/8
  2695 | D:3      | Found a glowing drain.
  2705 | Sewer    | Entered a sewer
  2750 | Sewer    | Noticed a big kobold
  2775 | Sewer    | Killed a big kobold
  2775 | Sewer    | Reached XP level 6. HP: 21/44 MP: 4/9
  3059 | Sewer    | Reached * piety under Okawaru
  3279 | Sewer    | Reached skill level 5 in Unarmed Combat
  3279 | Sewer    | Reached XP level 7. HP: 42/51 MP: 5/10
  3659 | Sewer    | Reached skill level 5 in Dodging
  4062 | D:4      | Reached XP level 8. HP: 45/60 MP: 7/11
  4082 | D:4      | Noticed Sigmund
  4097 | D:4      | Killed Sigmund
  4097 | D:4      | Reached ** piety under Okawaru
  4605 | D:4      | Noticed Blork the orc
  4627 | D:4      | Killed Blork the orc
  4916 | D:5      | Entered Level 5 of the Dungeon
  4938 | D:5      | Found a glowing golden altar of the Shining One.
  4993 | D:5      | Reached skill level 5 in Fighting
  5344 | D:5      | Noticed Pikel
  5454 | D:5      | Found a glowing silver altar of Zin.
  5616 | D:5      | Killed Pikel
  5616 | D:5      | Reached *** piety under Okawaru
  5616 | D:5      | Reached XP level 9. HP: 64/69 MP: 10/12
  5987 | D:6      | Found a staircase to the Ecumenical Temple.
  6019 | Temple   | Entered the Ecumenical Temple
  6427 | D:6      | Found a radiant altar of Vehumet.
  6566 | D:6      | Reached **** piety under Okawaru
  6757 | D:6      | Found a transporter.
  6842 | D:6      | Found a transporter.
  6843 | D:6      | Noticed a kobold demonologist
  6925 | D:6      | Reached skill level 10 in Unarmed Combat
  7060 | D:6      | Reached skill level 1 in Invocations
  7261 | D:7      | Found a blossoming altar of Fedhas.
  7292 | D:7      | Found a bloodstained altar of Trog.
  7321 | D:7      | Reached XP level 10. HP: 77/77 MP: 9/13
  7497 | D:7      | Found a shimmering altar of Xom.
  7593 | D:7      | Got a steaming leather armour
  8276 | D:8      | Noticed Gastronok
  8344 | D:8      | Killed Gastronok
  8344 | D:8      | Reached ***** piety under Okawaru
  8476 | D:8      | Found a deep blue altar of Sif Muna.
  8984 | D:8      | Found a hazy altar of Hepliaklqana.
  8987 | D:8      | Found an iron altar of Okawaru.
  8990 | D:8      | Found a burning altar of Makhleb.
  9308 | D:9      | Noticed a two-headed ogre
  9317 | D:9      | Killed a two-headed ogre
  9323 | D:9      | Learned a level 4 spell: Ice Form
  9329 | D:9      | Learned a level 5 spell: Blade Hands
  9376 | D:9      | Reached XP level 11. HP: 86/86 MP: 11/15
  9377 | D:9      | Noticed a death knight
  9377 | D:9      | Noticed a deep elf mage
  9394 | D:9      | Noticed a two-headed ogre
  9399 | D:9      | Received a gift from Okawaru
  9421 | D:9      | Killed a death knight
  9502 | D:9      | Killed a two-headed ogre
  9534 | D:9      | Noticed a cyclops
  9536 | D:9      | Noticed a two-headed ogre
  9551 | D:9      | Killed a two-headed ogre
  9551 | D:9      | Reached skill level 10 in Transmutations
  9627 | D:9      | Killed a cyclops
  9834 | D:9      | Reached skill level 10 in Dodging
  9847 | D:9      | Identified the +2 leather armour of the Moon {rN+ Dex+2 Stlth+} (You found it on level 7 of the Dungeon)
 10017 | D:9      | Found a shadowy altar of Dithmenos.
 10238 | D:9      | Killed a deep elf mage
 10401 | D:9      | Found a snail-covered altar of Cheibriados.
 10427 | D:10     | Entered Level 10 of the Dungeon
 10505 | D:10     | Found Jastrerish's Jewellery Emporium.
 10646 | D:10     | Received a gift from Okawaru
 10653 | D:10     | Found a staircase to the Lair.
 10799 | D:10     | Reached skill level 5 in Invocations
 11180 | D:10     | Found a staircase to the Orcish Mines.
 11817 | D:11     | Reached ****** piety under Okawaru
 11839 | D:11     | Received a gift from Okawaru
 11839 | D:11     | Reached XP level 12. HP: 87/94 MP: 12/16
 11853 | D:11     | Noticed a centaur warrior
 11864 | D:11     | Killed a centaur warrior
 11928 | D:11     | Noticed Grum
 11949 | D:11     | Killed Grum
 12487 | D:11     | Received a gift from Okawaru
 12488 | D:11     | Got a translucent crystal plate armour {god gift}
 12684 | D:12     | Noticed kusayu's ghost (journeyman GrFi)
 12824 | D:12     | Killed kusayu's ghost
 13062 | D:12     | Reached skill level 10 in Fighting
 13752 | D:13     | Noticed a yaktaur captain
 13761 | D:13     | Noticed an eight-headed hydra
 13762 | D:13     | Noticed a centaur warrior
 13791 | D:13     | Noticed a centaur warrior
 13800 | D:13     | HP: 3/98 [centaur warrior/arrow (19)]
 13800 | D:13     | Shot with an arrow by a centaur warrior

Vault maps used:
D:1:      zaba_arrival_water, minmay_curled_crystal, minmay_pentomino_w4
D:2:      yredelemnul_altar_generic, kennysheep_okawaru_gauntlet, uniq_robin,
          uniq_terence
D:3:      first_ration, gup_sewer_entry_bubbles, brannock_xom_greatest_gift
D:4:      uniq_blork_the_orc, uniq_sigmund
D:5:      tso_metal_star, zin_scriptorium, hangedman_decor_growths,
          item_on_display_a, uniq_pikel
D:6:      gammafunk_wand_slinger, lemuel_round_altar, minmay_temple_entry_grid,
          roderic_lattice_a
D:7:      kennysheep_mini_moat, basic_altar, the_bakery, fedhas_altar_3
D:8:      grunt_temple_overflow_diamond, basic_altar, uniq_gastronok
D:9:      minmay_bloctagon, kennysheep_mini, nicolae_overflow_hidden_temple
D:10:     minmay_lair_entry_grove, kennysheep_orc_monster_closet_entryway,
          serial_shops, nicolae_shop_statue_plus, minmay_unpleasant_kobolds
D:11:     uniq_grum
D:13:     minmay_the_grid_four_pointed_star, minmay_checkerbox
Temple:   minmay_temple_bridge_abc
Sewer:    sewer_co_tree

Skill      XL: |  1  2  3  4  5  6  7  8  9 10 11 12 |
---------------+-------------------------------------+-----
Transmutations | 3 4 5 6 7 11 12 | 12.0
Poison Magic   | 1 2 3 |  3.0
Dodging        | 3 4 5 7 8 9 10 12 | 12.4
Unarmed Combat | 5 6 8 10 11 12 | 12.0
Fighting       | 2 3 5 6 7 8 10 | 10.4
Invocations    | 1 4 5 8 |  8.0
Spellcasting   | 3 |  3.1

Action                   |  1- 3 |  4- 6 |  7- 9 | 10-12 || total
-------------------------+-------+-------+-------+-------++-------
Melee: Unarmed           |   106 |   198 |   340 |   640 ||  1284
       Headbutt          |     4 |       |       |       ||     4
       Punch             |     1 |       |       |     9 ||    10
 Cast: Beastly Appendage |    15 |       |       |       ||    15
       Spider Form       |     4 |    32 |    51 |    52 ||   139
       Sticks to Snakes  |       |       |       |     4 ||     4
       Blade Hands       |       |       |       |    19 ||    19
Invok: Heroism           |       |       |     1 |    19 ||    20
 Abil: End Transformatio |       |     1 |       |     1 ||     2
  Use: Scroll            |       |     5 |     2 |    15 ||    22
       Potion            |       |       |       |     2 ||     2
 Stab: Sleeping          |       |     1 |     2 |     1 ||     4
  Eat: Chunk             |     3 |    10 |    20 |    28 ||    61
       Ration            |       |       |       |     2 ||     2
Armor: Robe              |    18 |     1 |       |     2 ||    21
       Skin              |     1 |    13 |    13 |     7 ||    34
       Leather armour    |       |       |       |    52 ||    52
Dodge: Dodged            |   101 |   173 |   314 |   768 ||  1356

Table legend:
 A = Spawn XP
 B = Non-spawn XP
 C = Spawn XP percentage of total XP
 D = Spawn monster count
 E = Non-spawn monster count
 F = Spawn count percentage of total count
 G = Total turns spent on level
                    A         B        C        D         E        F      G
               +---------+---------+-------+---------+---------+-------+---------
         Total |       0 |   30311 |   0.0 |       0 |     402 |   0.0 | 13800
               +---------+---------+-------+---------+---------+-------+---------
           D:1 |       0 |      56 |   0.0 |       0 |      33 |   0.0 |  1511
           D:2 |       0 |      93 |   0.0 |       0 |      21 |   0.0 |   651
           D:3 |       0 |     106 |   0.0 |       0 |      28 |   0.0 |   884
           D:4 |       0 |     910 |   0.0 |       0 |      28 |   0.0 |   942
           D:5 |       0 |     869 |   0.0 |       0 |      11 |   0.0 |  1007
           D:6 |       0 |    1434 |   0.0 |       0 |      31 |   0.0 |  1044
           D:7 |       0 |    1149 |   0.0 |       0 |      29 |   0.0 |   891
           D:8 |       0 |    2695 |   0.0 |       0 |      26 |   0.0 |  1261
           D:9 |       0 |    7226 |   0.0 |       0 |      43 |   0.0 |  1242
          D:10 |       0 |    2474 |   0.0 |       0 |      37 |   0.0 |  1254
          D:11 |       0 |    5877 |   0.0 |       0 |      43 |   0.0 |  1011
          D:12 |       0 |    6111 |   0.0 |       0 |      33 |   0.0 |   842
          D:13 |       0 |     497 |   0.0 |       0 |      11 |   0.0 |   154
         Sewer |       0 |     814 |   0.0 |       0 |      28 |   0.0 |   982
               +---------+---------+-------+---------+---------+-------+---------
